SKY
NEW YORK YANKEES @ FRESNO FALCONS
07/06/2052
 
TOP OF THE 1ST
New York Yankees batting - Pitching for Fresno Falcons : LHP Gary Spears
Pitching: LHP Gary Spears
Batting: LHB Jimmy Boyer 0-0: Foul Ball, location: 2LF
0-1: Foul Ball, location: 23F
0-2: Ball
1-2: Strikes out swinging
Batting: LHB Daryn Scott 0-0: Ball
1-0: Called Strike
1-1: Reached on error, E3 (Groundball, 34, EV 82.5 MPH)
Batting: RHB John Webb 0-0: Ball
1-0: Grounds into double play, 4-6-3 (Groundball, 34, EV 79.4 MPH)
Top of the 1st over - 0 runs, 0 hits, 1 error, 0 left on base; New York 0 - Fresno 0
BOTTOM OF THE 1ST
Fresno Falcons batting - Pitching for New York Yankees : RHP Tony Calton
Pitching: RHP Tony Calton
Batting: LHB Luca Flores 0-0: Ball
1-0: Called Strike
1-1: Ball
2-1: Ground out 5-3 (Groundball, 56, EV 92.5 MPH)
Batting: RHB Zach Pryor 0-0: Fly out, F5 (Line Drive, 5L, EV 71.3 MPH)
Batting: LHB Juan Oliu 0-0: Swinging Strike
0-1: Called Strike
0-2: Ball
1-2: Ball
2-2: Strikes out swinging
Bottom of the 1st over - 0 runs, 0 hits, 0 errors, 0 left on base; New York 0 - Fresno 0
TOP OF THE 2ND
New York Yankees batting - Pitching for Fresno Falcons : LHP Gary Spears
Batting: LHB Alejandro Esquivel 0-0: Called Strike
0-1: Foul Ball, location: 5SF
0-2: Ball
1-2: Ball
2-2: Foul Ball, location: 2F
2-2: DOUBLE (Flyball, 8RXD, EV 93.1 MPH)
Batting: RHB Evan Dankowski 0-0: Called Strike
0-1: Ball
1-1: Ball
2-1: Called Strike
2-2: Foul Ball, location: 2LF
2-2: SINGLE (Line Drive, 34D, EV 94.4 MPH)
Alejandro Esquivel to third
Batting: LHB Dave Herbster 0-0: Grounds into double play, 6-4-3 (Groundball, 6, EV 82.5 MPH)
Batting: RHB Ray Christman 0-0: Ball
1-0: Called Strike
1-1: Ball
2-1: Called Strike
2-2: Foul Ball, location: 3SF
2-2: Foul Ball, location: 2F
2-2: Ball
3-2: Base on Balls
Batting: SHB Jared Calhoun 0-0: Ball
1-0: Called Strike
1-1: Foul Ball, location: 25F
1-2: Foul Ball, location: 7LDF
1-2: Strikes out swinging
Top of the 2nd over - 0 runs, 2 hits, 0 errors, 2 left on base; New York 0 - Fresno 0
BOTTOM OF THE 2ND
Fresno Falcons batting - Pitching for New York Yankees : RHP Tony Calton
Batting: RHB Apolo Tussey 0-0: Ball
1-0: Foul Ball, location: 2F
1-1: Ball
2-1: Called Strike
2-2: Ball
3-2: Base on Balls
Batting: RHB Jack Montemayor 0-0: Ball
1-0: Foul Ball, location: 2F
1-1: SINGLE (Groundball, 4MD, EV 106.9 MPH)
Apolo Tussey to second
Batting: LHB Everett Hardin 0-0: Ball
1-0: Ball
2-0: Called Strike
2-1: Fly out, F5 (Popup, 5, EV 78.8 MPH)
Batting: RHB Aryan Christopherson 0-0: Ball
1-0: Called Strike
1-1: Ball
2-1: Grounds into double play, 5-4-3 (Groundball, 56S, EV 88.8 MPH)
Bottom of the 2nd over - 0 runs, 1 hit, 0 errors, 1 left on base; New York 0 - Fresno 0
TOP OF THE 3RD
New York Yankees batting - Pitching for Fresno Falcons : LHP Gary Spears
Batting: RHB Zach Loftin 0-0: Called Strike
0-1: Swinging Strike
0-2: Ball
1-2: Strikes out swinging
Batting: LHB Jimmy Boyer 0-0: Ball
1-0: Ball
2-0: Ball
3-0: Called Strike
3-1: Base on Balls
Batting: LHB Daryn Scott 0-0: Ball
1-0: Swinging Strike
1-1: Ball
2-1: Ball
3-1: Foul Ball, location: 5F
3-2: Foul Ball, location: 3FF
3-2: Strikes out swinging
Jimmy Boyer is caught stealing 2nd base 2-6
Batter strikes out.
Top of the 3rd over - 0 runs, 0 hits, 0 errors, 0 left on base; New York 0 - Fresno 0
BOTTOM OF THE 3RD
Fresno Falcons batting - Pitching for New York Yankees : RHP Tony Calton
Batting: RHB Cody McGuire 0-0: Called Strike
0-1: Called Strike
0-2: Foul Ball, location: 2F
0-2: Strikes out swinging
Batting: SHB John Wheeler 0-0: SINGLE (Line Drive, 6D, EV 99.4 MPH)
Batting: LHB Luca Flores 0-0: Swinging Strike
0-1: Ball
1-1: Ball
2-1: Grounds into double play, 5-4-3 (Groundball, 6, EV 85.0 MPH)
Bottom of the 3rd over - 0 runs, 1 hit, 0 errors, 0 left on base; New York 0 - Fresno 0
TOP OF THE 4TH
New York Yankees batting - Pitching for Fresno Falcons : LHP Gary Spears
Batting: RHB John Webb 0-0: Ball
1-0: Swinging Strike
1-1: SINGLE (Groundball, 6M, EV 92.5 MPH) (infield hit)
Batting: LHB Alejandro Esquivel 0-0: Called Strike
0-1: Ball
1-1: Foul Ball, location: 3DF
1-2: SINGLE (Line Drive, 78M, EV 85.6 MPH)
John Webb to second
Batting: RHB Evan Dankowski 0-0: Called Strike
0-1: Foul Ball, location: 23FF
0-2: SINGLE (Line Drive, 4D, EV 96.3 MPH)
John Webb to third
Alejandro Esquivel to second
Runner from 3rd tries for Home, SAFE, throw by RF to home
Batting: LHB Dave Herbster 0-0: Called Strike
0-1: Foul Ball, location: 5F
0-2: Foul Ball, location: 25F
0-2: Strikes out looking
Batting: RHB Ray Christman 0-0: Ball
1-0: Foul Ball, location: 3F
1-1: Ball
2-1: Ball
3-1: Grounds into double play, 6-4-3 (Groundball, 6, EV 80.6 MPH)
Top of the 4th over - 1 run, 3 hits, 0 errors, 1 left on base; New York 1 - Fresno 0
BOTTOM OF THE 4TH
Fresno Falcons batting - Pitching for New York Yankees : RHP Tony Calton
Batting: RHB Zach Pryor 0-0: Ball
1-0: Foul Ball, location: 3FF
1-1: Called Strike
1-2: Ball
2-2: Strikes out looking
Batting: LHB Juan Oliu 0-0: Ball
1-0: Called Strike
1-1: Foul Ball, location: 25F
1-2: Ball
2-2: Ground out 4-3 (Groundball, 34D, EV 100.0 MPH)
Batting: RHB Apolo Tussey 0-0: Called Strike
0-1: Ball
1-1: Foul Ball, location: 2F
1-2: Ball
2-2: Fly out, F7 (Flyball, 7LM, EV 92.5 MPH)
Bottom of the 4th over - 0 runs, 0 hits, 0 errors, 0 left on base; New York 1 - Fresno 0
TOP OF THE 5TH
New York Yankees batting - Pitching for Fresno Falcons : LHP Gary Spears
Batting: SHB Jared Calhoun 0-0: Foul Ball, location: 25FF
0-1: Ball
1-1: Foul Ball, location: 2F
1-2: Ball
2-2: Ground out U3 (Groundball, 34, EV 88.8 MPH)
Batting: RHB Zach Loftin 0-0: Foul Ball, location: 5DF
0-1: Foul Ball, location: 7LMF
0-2: Foul Ball, location: 9LSF
0-2: Ball
1-2: Fly out, F7 (Flyball, 7, EV 82.5 MPH)
Batting: LHB Jimmy Boyer 0-0: Ball
1-0: Foul Ball, location: 2F
1-1: Ball
2-1: Ground out 4-3 (Groundball, 34, EV 107.5 MPH)
Top of the 5th over - 0 runs, 0 hits, 0 errors, 0 left on base; New York 1 - Fresno 0
BOTTOM OF THE 5TH
Fresno Falcons batting - Pitching for New York Yankees : RHP Tony Calton
Batting: RHB Jack Montemayor 0-0: Ball
1-0: Fly out, F7 (Flyball, 7D, EV 95.6 MPH)
Batting: LHB Everett Hardin 0-0: Called Strike
0-1: Swinging Strike
0-2: Foul Ball, location: 2F
0-2: Ball
1-2: Strikes out swinging
Batting: RHB Aryan Christopherson 0-0: Ball
1-0: Ball
2-0: Foul Ball, location: 2F
2-1: Foul Ball, location: 9LSF
2-2: Ground out 6-3 (Groundball, 6, EV 80.0 MPH)
Bottom of the 5th over - 0 runs, 0 hits, 0 errors, 0 left on base; New York 1 - Fresno 0
TOP OF THE 6TH
New York Yankees batting - Pitching for Fresno Falcons : LHP Gary Spears
Batting: LHB Daryn Scott 0-0: Ball
1-0: Ball
2-0: Ball
3-0: Base on Balls
Batting: RHB John Webb 0-0: Ball
1-0: Ball
2-0: Ball
3-0: Base on Balls
Daryn Scott to second
Batting: LHB Alejandro Esquivel 0-0: Foul Ball, location: 2F
0-1: Swinging Strike
0-2: Strikes out swinging
Batting: RHB Evan Dankowski 0-0: Ball
1-0: Foul Ball, location: 3FF
1-1: Ball
2-1: Foul Ball, location: 5F
2-2: Ball
3-2: Base on Balls
Daryn Scott to third
John Webb to second
Pitching: RHP Nick Levinson
Batting: LHB Dave Herbster 0-0: Foul Ball, location: 5FF
0-1: Foul Ball, location: 7LSF
0-2: Strikes out looking
Batting: RHB Ray Christman 0-0: Called Strike
0-1: Swinging Strike
0-2: Ball
1-2: Strikes out looking
Top of the 6th over - 0 runs, 0 hits, 0 errors, 3 left on base; New York 1 - Fresno 0
BOTTOM OF THE 6TH
Fresno Falcons batting - Pitching for New York Yankees : RHP Tony Calton
Batting: RHB Cody McGuire 0-0: Ball
1-0: Foul Ball, location: 25F
1-1: SINGLE (Groundball, 4D, EV 105.6 MPH)
Batting: SHB John Wheeler 0-0: Swinging Strike
0-1: Bunted foul
0-2: Fly out, F7 (Flyball, 7, EV 93.1 MPH)
Batting: LHB Luca Flores 0-0: Swinging Strike
0-1: Ball
1-1: Ball
2-1: Foul Ball, location: 7LSF
2-2: Strikes out swinging
Batting: RHB Zach Pryor 0-0: Called Strike
0-1: Foul Ball, location: 5FF
0-2: Fly out, F7 (Flyball, 78M, EV 81.9 MPH)
Bottom of the 6th over - 0 runs, 1 hit, 0 errors, 1 left on base; New York 1 - Fresno 0
TOP OF THE 7TH
New York Yankees batting - Pitching for Fresno Falcons : RHP Nick Levinson
Batting: SHB Jared Calhoun 0-0: Ball
1-0: Called Strike
1-1: Ball
2-1: Swinging Strike
2-2: Fly out, F5 (Popup, 56S, EV 75.6 MPH)
Batting: RHB Zach Loftin 0-0: Called Strike
0-1: SINGLE (Line Drive, 89S, EV 109.4 MPH)
Batting: LHB Jimmy Boyer 0-0: Ball
1-0: Called Strike
1-1: Ball
2-1: Foul Ball, location: 7LSF
2-2: Ball
Wild Pitch!
Zach Loftin to second
3-2: SINGLE (Groundball, 6D, EV 107.5 MPH)
Zach Loftin to third
Runner from 3rd tries for Home, SAFE, throw by LF to home
Jimmy Boyer to second
Batting: LHB Daryn Scott 0-0: Intentional Walk
Batting: RHB John Webb 0-0: Ball
1-0: SINGLE (Groundball, 34D, EV 95.0 MPH)
Jimmy Boyer to third
Daryn Scott to second
Runner from 3rd tries for Home, SAFE, throw by RF to home
Batting: LHB Alejandro Esquivel 0-0: Fly out, F8 (Line Drive, 8LD, EV 90.0 MPH)
Batting: RHB Evan Dankowski 0-0: Called Strike
0-1: Ball
1-1: Ball
2-1: Called Strike
2-2: Strikes out swinging
Top of the 7th over - 2 runs, 3 hits, 0 errors, 2 left on base; New York 3 - Fresno 0
BOTTOM OF THE 7TH
Fresno Falcons batting - Pitching for New York Yankees : RHP Tony Calton
Pitching: RHP Dave Toller
Batting: LHB Juan Oliu 0-0: Ball
1-0: Ball
2-0: Foul Ball, location: 2F
2-1: Swinging Strike
2-2: Foul Ball, location: 2F
2-2: Foul Ball, location: 2F
2-2: Strikes out swinging
Batting: RHB Apolo Tussey 0-0: Called Strike
0-1: Called Strike
0-2: Ball
1-2: Fly out, F8 (Flyball, 8RXD, EV 96.9 MPH)
Batting: RHB Jack Montemayor 0-0: Foul Ball, location: 5F
0-1: Ball
1-1: Foul Ball, location: 3DF
1-2: Foul Ball, location: 9LSF
1-2: Ball
2-2: Fly out, F8 (Flyball, 8RD, EV 93.8 MPH)
Bottom of the 7th over - 0 runs, 0 hits, 0 errors, 0 left on base; New York 3 - Fresno 0
TOP OF THE 8TH
New York Yankees batting - Pitching for Fresno Falcons : RHP Nick Levinson
Batting: LHB Dave Herbster 0-0: Called Strike
0-1: Ball
1-1: Called Strike
1-2: Strikes out swinging
Batting: RHB Ray Christman 0-0: Called Strike
0-1: Swinging Strike
0-2: Strikes out swinging
Batting: SHB Jared Calhoun 0-0: Foul Ball, location: 2F
0-1: Foul Ball, location: 25FF
0-2: Ground out 5-3 (Groundball, 56, EV 78.8 MPH)
Top of the 8th over - 0 runs, 0 hits, 0 errors, 0 left on base; New York 3 - Fresno 0
BOTTOM OF THE 8TH
Fresno Falcons batting - Pitching for New York Yankees : RHP Dave Toller
Batting: LHB Everett Hardin 0-0: SINGLE (Flyball, 3D, EV 81.3 MPH)
Batting: RHB Aryan Christopherson 0-0: Ball
1-0: Foul Ball, location: 2F
1-1: Foul Ball, location: 9LMF
1-2: Ball
2-2: Strikes out swinging
Batting: RHB Cody McGuire 0-0: Called Strike
0-1: Swinging Strike
0-2: Ball
1-2: Foul Ball, location: 5DF
1-2: Ball
2-2: Ball
3-2: Strikes out swinging
Batting: SHB John Wheeler 0-0: Ball
Wild Pitch!
Everett Hardin to second
1-0: Called Strike
1-1: Called Strike
1-2: Ball
2-2: SINGLE (Flyball, 78S, EV 96.3 MPH)
Everett Hardin to third
Runner from 3rd tries for Home, SAFE, throw by LF to home
Pitching: LHP Emmet Bayless
Batting: LHB Luca Flores 0-0: Ball
1-0: Ball
2-0: Fielders Choice at 2nd, U6 (Groundball, 4, EV 78.8 MPH)
Bottom of the 8th over - 1 run, 2 hits, 0 errors, 1 left on base; New York 3 - Fresno 1
TOP OF THE 9TH
New York Yankees batting - Pitching for Fresno Falcons : RHP Nick Levinson
Pitching: RHP Mikel Rodriguez
Batting: RHB Zach Loftin 0-0: Ball
1-0: Ball
2-0: Called Strike
2-1: Called Strike
2-2: Ball
3-2: Foul Ball, location: 25FF
3-2: Strikes out swinging
Batting: LHB Jimmy Boyer 0-0: Swinging Strike
0-1: Ball
1-1: Foul Ball, location: 7LMF
1-2: Foul Ball, location: 3F
1-2: Strikes out swinging
Batting: LHB Daryn Scott 0-0: Foul Ball, location: 5DF
0-1: Swinging Strike
0-2: Strikes out swinging
Top of the 9th over - 0 runs, 0 hits, 0 errors, 0 left on base; New York 3 - Fresno 1
BOTTOM OF THE 9TH
Fresno Falcons batting - Pitching for New York Yankees : LHP Emmet Bayless
Now in LF: Malcolm Boyd
Batting: RHB Zach Pryor 0-0: Ball
1-0: Foul Ball, location: 3F
1-1: Ball
2-1: Foul Ball, location: 25F
2-2: Ball
3-2: Strikes out swinging
Batting: LHB Juan Oliu 0-0: Ball
1-0: Called Strike
1-1: Fly out, F8 (Flyball, 8RD, EV 108.1 MPH)
Batting: RHB Apolo Tussey 0-0: Ball
1-0: Ball
2-0: Foul Ball, location: 2F
2-1: Ball
3-1: Foul Ball, location: 25F
3-2: Ground out 6-3 (Groundball, 6MS, EV 90.0 MPH)
Bottom of the 9th over - 0 runs, 0 hits, 0 errors, 0 left on base; New York 3 - Fresno 1
Saturday, April 27th , 2024 - OOTP Baseball 24.11 Build 85